| TOP OF THE 1ST |
|
Reading Fightin Phils batting - Pitching for Springfield Cardinals : RHP Ben Cook
|
|
Pitching: RHP Ben Cook
|
|
|
Batting: RHB Steve Jones
|
0-0: Ball 1-0: Called Strike 1-1: Foul Ball, location: 2F 1-2: DOUBLE (Line Drive, 5D, EV 93.8 MPH)
|
|
Batting: RHB Chris Myers
|
0-0: Ball 1-0: Fly out, F5 (Popup, 5F, EV 81.2 MPH)
|
|
Batting: RHB Alan Weller
|
0-0: Called Strike 0-1: Swinging Strike 0-2: Ball 1-2: SINGLE (Line Drive, 89S, EV 109.4 MPH) Steve Jones to third Runner from 3rd tries for Home, throw by RF and OUT! 9-2
|
|
Batting: RHB Matt McDevitt
|
0-0: Swinging Strike 0-1: Ball 1-1: Fly out, F6 (Popup, 6S, EV 83.8 MPH)
|
| Top of the 1st over - 0 runs, 2 hits, 0 errors, 1 left on base; Reading 0 - Springfield 0 |
| BOTTOM OF THE 1ST |
|
Springfield Cardinals batting - Pitching for Reading Fightin Phils : LHP Eddie San Miguel
|
|
Pitching: LHP Eddie San Miguel
|
|
|
Batting: LHB Adam Eisen
|
0-0: Ball 1-0: Swinging Strike 1-1: Swinging Strike 1-2: Strikes out swinging
|
|
Batting: RHB Jason Gee
|
0-0: Foul Ball, location: 2F 0-1: Fly out, F9 (Line Drive, 9S, EV 95.0 MPH)
|
|
Batting: RHB Mark Cahill
|
0-0: Ball 1-0: Foul Ball, location: 2F 1-1: Foul Ball, location: 2F 1-2: Foul Ball, location: 2F 1-2: Ball 2-2: Ground out 5-3 (Groundball, 56, EV 81.9 MPH)
|
| Bottom of the 1st over - 0 runs, 0 hits, 0 errors, 0 left on base; Reading 0 - Springfield 0 |
| TOP OF THE 2ND |
|
Reading Fightin Phils batting - Pitching for Springfield Cardinals : RHP Ben Cook
|
|
Batting: LHB Rich Kuehne
|
0-0: Ball 1-0: Ball 2-0: Ball 3-0: Called Strike 3-1: SINGLE (Groundball, 6MD, EV 105.0 MPH)
|
|
Batting: RHB Seung-mun Kim
|
0-0: Ball 1-0: Swinging Strike 1-1: Swinging Strike 1-2: Foul Ball, location: 2F 1-2: Strikes out swinging
|
|
Batting: RHB Frank Ramirez
|
0-0: Called Strike 0-1: Ball 1-1: Ball 2-1: Called Strike 2-2: Foul Ball, location: 2F 2-2: Strikes out swinging
|
|
Batting: RHB Cory Bonham
|
0-0: Ball 1-0: Ball 2-0: Ball 3-0: Base on Balls Rich Kuehne to second
|
|
Batting: RHB Allen Deschamps
|
0-0: DOUBLE (Line Drive, 89M, EV 97.5 MPH) Rich Kuehne scores Cory Bonham to third
|
|
Batting: RHB Steve Jones
|
0-0: Ball 1-0: Swinging Strike 1-1: Swinging Strike 1-2: Ball 2-2: Foul Ball, location: 2F 2-2: Ball 3-2: Foul Ball, location: 2F 3-2: Foul Ball, location: 2F 3-2: Strikes out swinging
|
| Top of the 2nd over - 1 run, 2 hits, 0 errors, 2 left on base; Reading 1 - Springfield 0 |
| BOTTOM OF THE 2ND |
|
Springfield Cardinals batting - Pitching for Reading Fightin Phils : LHP Eddie San Miguel
|
|
Batting: RHB Justin Reich
|
0-0: Ball 1-0: SINGLE (Groundball, 25, EV 70.6 MPH) (infield hit)
|
|
Batting: LHB Ronnie Ashley
|
0-0: Ball 1-0: Swinging Strike 1-1: Foul Ball, location: 2F 1-2: Ball 2-2: Fly out, F8 (Line Drive, 8LM, EV 91.2 MPH)
|
|
Batting: LHB David Moore
|
0-0: Ball 1-0: Fly out, F8 (Flyball, 8LM, EV 85.6 MPH)
|
|
Batting: RHB Victor Moya
|
0-0: Foul Ball, location: 2F 0-1: Ball 1-1: Fly out, F6 (Popup, 6MS, EV 75.0 MPH)
|
| Bottom of the 2nd over - 0 runs, 1 hit, 0 errors, 1 left on base; Reading 1 - Springfield 0 |
| TOP OF THE 3RD |
|
Reading Fightin Phils batting - Pitching for Springfield Cardinals : RHP Ben Cook
|
|
Batting: RHB Chris Myers
|
0-0: Called Strike 0-1: Foul Ball, location: 2F 0-2: Ball 1-2: Foul Ball, location: 2F 1-2: SINGLE (Line Drive, 8LS, EV 91.2 MPH)
|
|
Batting: RHB Alan Weller
|
0-0: Called Strike 0-1: Called Strike 0-2: Ball 1-2: Strikes out swinging Chris Myers steals 2nd base Batter strikes out.
|
|
Batting: RHB Matt McDevitt
|
0-0: Ball 1-0: Foul Ball, location: 2F 1-1: Ball 2-1: SINGLE (Groundball, 6MD, EV 100.6 MPH) Chris Myers to third Runner from 3rd tries for Home, SAFE, throw by CF to home
|
|
Batting: LHB Rich Kuehne
|
0-0: Swinging Strike 0-1: Called Strike 0-2: Strikes out looking
|
|
Batting: RHB Seung-mun Kim
|
0-0: Fly out, F7 (Flyball, 7, EV 91.2 MPH)
|
| Top of the 3rd over - 1 run, 2 hits, 0 errors, 1 left on base; Reading 2 - Springfield 0 |
| BOTTOM OF THE 3RD |
|
Springfield Cardinals batting - Pitching for Reading Fightin Phils : LHP Eddie San Miguel
|
|
Batting: RHB Immel Kamuzu
|
0-0: Ball 1-0: Ball 2-0: Ball 3-0: Called Strike 3-1: Ground out 6-3 (Groundball, 6, EV 101.2 MPH)
|
|
Batting: RHB Austin Akers
|
0-0: DOUBLE (Flyball, 89D, EV 98.8 MPH)
|
|
Batting: LHB Adam Eisen
|
0-0: Called Strike 0-1: Ball 1-1: SINGLE (Groundball, 6M, EV 95.0 MPH) Austin Akers to third
|
|
Batting: RHB Jason Gee
|
0-0: Ball 1-0: Called Strike Adam Eisen steals 2nd, throwing error, E2 Austin Akers scores Adam Eisen to third Squeeze bunt is on, Adam Eisen is out 1-2: Foul Ball, location: 2F 1-2: Ball 2-2: Ball 3-2: Ground out 5-3 (Groundball, 56S, EV 86.9 MPH)
|
| Bottom of the 3rd over - 1 run, 2 hits, 1 error, 0 left on base; Reading 2 - Springfield 1 |
| TOP OF THE 4TH |
|
Reading Fightin Phils batting - Pitching for Springfield Cardinals : RHP Ben Cook
|
|
Batting: RHB Frank Ramirez
|
0-0: Ball 1-0: Ball 2-0: Called Strike 2-1: Foul Ball, location: 2F 2-2: Ball 3-2: Strikes out looking
|
|
Batting: RHB Cory Bonham
|
0-0: Ball 1-0: Ball 2-0: Called Strike 2-1: Ball 3-1: Called Strike 3-2: Base on Balls
|
|
Batting: RHB Allen Deschamps
|
0-0: Called Strike 0-1: Called Strike 0-2: Strikes out swinging
|
|
Batting: RHB Steve Jones
|
0-0: Ball Cory Bonham steals 2nd base 1-0: Ball 2-0: Ground out 4-3 (Groundball, 4, EV 90.0 MPH)
|
| Top of the 4th over - 0 runs, 0 hits, 0 errors, 1 left on base; Reading 2 - Springfield 1 |
| BOTTOM OF THE 4TH |
|
Springfield Cardinals batting - Pitching for Reading Fightin Phils : LHP Eddie San Miguel
|
|
Batting: RHB Mark Cahill
|
0-0: Foul Ball, location: 2F 0-1: Ball 1-1: Called Strike 1-2: Ball 2-2: Strikes out swinging
|
|
Batting: RHB Justin Reich
|
0-0: Ball 1-0: Foul Ball, location: 2F 1-1: Ball 2-1: Ball 3-1: Foul Ball, location: 2F 3-2: Foul Ball, location: 2F 3-2: Foul Ball, location: 2F 3-2: SINGLE (Line Drive, 3D, EV 103.8 MPH)
|
|
Batting: LHB Ronnie Ashley
|
0-0: Called Strike 0-1: Reached on error, E4 (Groundball, 34D, EV 108.1 MPH) Justin Reich to second
|
|
Batting: LHB David Moore
|
0-0: Ball 1-0: Ball 2-0: Fly out, F8 (Line Drive, 78D, EV 90.0 MPH)
|
|
Batting: RHB Victor Moya
|
0-0: Ball 1-0: Foul Ball, location: 2F 1-1: Swinging Strike 1-2: Ball 2-2: Foul Ball, location: 2F 2-2: Fielders Choice at 2nd, U4 (Groundball, 4M, EV 86.2 MPH)
|
| Bottom of the 4th over - 0 runs, 1 hit, 1 error, 2 left on base; Reading 2 - Springfield 1 |
| TOP OF THE 5TH |
|
Reading Fightin Phils batting - Pitching for Springfield Cardinals : RHP Ben Cook
|
|
Batting: RHB Chris Myers
|
0-0: Ground out 5-3 (Groundball, 56S, EV 60.6 MPH)
|
|
Batting: RHB Alan Weller
|
0-0: Ball 1-0: Foul Ball, location: 2F 1-1: Foul Ball, location: 2F 1-2: Ball 2-2: Fly out, F5 (Popup, 5F, EV 60.0 MPH)
|
|
Batting: RHB Matt McDevitt
|
0-0: Called Strike 0-1: Called Strike 0-2: Ball 1-2: Fly out, F8 (Flyball, 8RM, EV 91.9 MPH)
|
| Top of the 5th over - 0 runs, 0 hits, 0 errors, 0 left on base; Reading 2 - Springfield 1 |
| BOTTOM OF THE 5TH |
|
Springfield Cardinals batting - Pitching for Reading Fightin Phils : LHP Eddie San Miguel
|
|
Batting: RHB Immel Kamuzu
|
0-0: Called Strike 0-1: Ball 1-1: Ground out 4-3 (Groundball, 4S, EV 86.2 MPH)
|
|
Batting: RHB Austin Akers
|
0-0: Called Strike 0-1: Ball 1-1: Reached on error, E4 (Groundball, 4D, EV 101.9 MPH)
|
|
Batting: LHB Adam Eisen
|
0-0: Ball Austin Akers steals 2nd base 1-0: Swinging Strike 1-1: Ball 2-1: Ball 3-1: Base on Balls
|
|
Batting: RHB Jason Gee
|
0-0: Ball 1-0: Ball 2-0: Ball 3-0: Foul Ball, location: 2F 3-1: Base on Balls Austin Akers to third Adam Eisen to second
|
|
Batting: RHB Mark Cahill
|
0-0: Ball 1-0: Foul Ball, location: 2F 1-1: DOUBLE (Flyball, 8LXD, EV 105.6 MPH) Austin Akers scores Adam Eisen scores Jason Gee to third
|
|
Batting: RHB Justin Reich
|
0-0: Ball 1-0: Foul Ball, location: 2F 1-1: Foul Ball, location: 2F 1-2: Ball 2-2: Ball 3-2: Foul Ball, location: 2F 3-2: Foul Ball, location: 2F 3-2: Base on Balls
|
|
Pitching: RHP T.J. Gray
|
|
|
Batting: LHB Ronnie Ashley
|
0-0: Ball 1-0: Called Strike 1-1: Ball 2-1: Foul Ball, location: 2F 2-2: Foul Ball, location: 2F 2-2: Fly out, F7 (Line Drive, 7, EV 88.8 MPH) Runner from 3rd tags up, SCORES, throw by LF Mark Cahill to third
|
|
Batting: LHB David Moore
|
0-0: Called Strike 0-1: Ball Wild Pitch! Mark Cahill scores Justin Reich to second 1-1: Ball 2-1: Ball 3-1: Base on Balls
|
|
Batting: RHB Victor Moya
|
0-0: Ball 1-0: Foul Ball, location: 2F 1-1: Swinging Strike 1-2: Foul Ball, location: 2F 1-2: Ground out 6-3 (Groundball, 6MS, EV 68.8 MPH)
|
| Bottom of the 5th over - 4 runs, 1 hit, 1 error, 2 left on base; Reading 2 - Springfield 5 |
| TOP OF THE 6TH |
|
Reading Fightin Phils batting - Pitching for Springfield Cardinals : RHP Ben Cook
|
|
Batting: LHB Rich Kuehne
|
0-0: Called Strike 0-1: Swinging Strike 0-2: Strikes out swinging
|
|
Batting: RHB Seung-mun Kim
|
0-0: Called Strike 0-1: Ground out 5-3 (Groundball, 56, EV 85.6 MPH)
|
|
Batting: RHB Frank Ramirez
|
0-0: Ball 1-0: Swinging Strike 1-1: SINGLE (Groundball, 6MS, EV 72.5 MPH) (infield hit)
|
|
Pitching: RHP Andy Temples
|
|
|
Batting: RHB Cory Bonham
|
0-0: Foul Ball, location: 2F 0-1: Swinging Strike 0-2: Strikes out swinging
|
| Top of the 6th over - 0 runs, 1 hit, 0 errors, 1 left on base; Reading 2 - Springfield 5 |
| BOTTOM OF THE 6TH |
|
Springfield Cardinals batting - Pitching for Reading Fightin Phils : RHP T.J. Gray
|
|
Batting: RHB Immel Kamuzu
|
0-0: Ball 1-0: Ball 2-0: Foul Ball, location: 2F 2-1: Ball 3-1: Fly out, F5 (Popup, 6S, EV 61.2 MPH)
|
|
Batting: RHB Austin Akers
|
0-0: Ball 1-0: Ball 2-0: Ball 3-0: SINGLE (Groundball, 6MD, EV 94.4 MPH)
|
|
Batting: LHB Adam Eisen
|
0-0: Fielders Choice at 2nd, 3-6 (Groundball, 3, EV 81.9 MPH)
|
|
Batting: RHB Jason Gee
|
0-0: Ball 1-0: Ball Adam Eisen steals 2nd, throwing error, E2 Adam Eisen to third 2-0: Ball 3-0: Called Strike 3-1: Base on Balls
|
|
Batting: RHB Mark Cahill
|
0-0: Ball 1-0: Ground out 4-3 (Groundball, 4, EV 79.4 MPH)
|
| Bottom of the 6th over - 0 runs, 1 hit, 1 error, 2 left on base; Reading 2 - Springfield 5 |
| TOP OF THE 7TH |
|
Reading Fightin Phils batting - Pitching for Springfield Cardinals : RHP Andy Temples
|
|
Batting: RHB Allen Deschamps
|
0-0: Called Strike 0-1: Foul Ball, location: 2F 0-2: Foul Ball, location: 2F 0-2: Strikes out looking
|
|
Batting: RHB Steve Jones
|
0-0: Ground out 4-3 (Groundball, 4, EV 81.9 MPH)
|
|
Batting: RHB Chris Myers
|
0-0: Ball 1-0: Ball 2-0: Called Strike 2-1: Ball 3-1: Called Strike 3-2: Strikes out looking
|
| Top of the 7th over - 0 runs, 0 hits, 0 errors, 0 left on base; Reading 2 - Springfield 5 |
| BOTTOM OF THE 7TH |
|
Springfield Cardinals batting - Pitching for Reading Fightin Phils : RHP T.J. Gray
|
|
Pitching: LHP Wil Diaz
|
|
|
Batting: RHB Justin Reich
|
0-0: Called Strike 0-1: SINGLE (Flyball, 89M, EV 83.8 MPH)
|
|
Batting: LHB Ronnie Ashley
|
0-0: Ball 1-0: Ball 2-0: Ball 3-0: Called Strike 3-1: Foul Ball, location: 2F 3-2: Fly out, F9 (Flyball, 9LM, EV 95.0 MPH)
|
|
Batting: LHB David Moore
|
0-0: Fly out, F5 (Line Drive, 5L, EV 68.8 MPH)
|
|
Batting: RHB Victor Moya
|
0-0: Ball 1-0: Ball Justin Reich is caught stealing 2nd base 2-4
|
| Bottom of the 7th over - 0 runs, 1 hit, 0 errors, 0 left on base; Reading 2 - Springfield 5 |
| TOP OF THE 8TH |
|
Reading Fightin Phils batting - Pitching for Springfield Cardinals : RHP Andy Temples
|
|
Now at 1B: Mark Cahill
|
|
|
Now in LF: Austin Akers
|
|
|
Now in CF: Yeong-hun Joe
|
|
|
Now in RF: Adam Eisen
|
|
|
Batting: RHB Alan Weller
|
0-0: Ball 1-0: Called Strike 1-1: Ball 2-1: Reached on error, E5 (Groundball, 56S, EV 91.2 MPH)
|
|
Batting: RHB Matt McDevitt
|
0-0: Ball 1-0: Foul Ball, location: 2F 1-1: Called Strike 1-2: Foul Ball, location: 2F 1-2: Ball 2-2: Ground out 5-3 (Groundball, 56, EV 98.8 MPH)
|
|
Batting: LHB Rich Kuehne
|
0-0: Fly out, F9 (Flyball, 9LM, EV 86.2 MPH) Runner from 2nd tags up, SAFE at 3rd, no throw by RF
|
|
Batting: RHB Seung-mun Kim
|
0-0: Called Strike 0-1: SINGLE (Groundball, 34D, EV 101.2 MPH) Alan Weller scores
|
|
Pinch Hitting: LHB Josh George
|
0-0: Ball 1-0: Foul Ball, location: 2F 1-1: Called Strike 1-2: Strikes out swinging, 2-3 out at first.
|
| Top of the 8th over - 1 run, 1 hit, 1 error, 1 left on base; Reading 3 - Springfield 5 |
| BOTTOM OF THE 8TH |
|
Springfield Cardinals batting - Pitching for Reading Fightin Phils : LHP Wil Diaz
|
|
Now in CF: Chris Myers
|
|
|
Now in RF: Josh George
|
|
|
Batting: LHB Yeong-hun Joe
|
0-0: Ball 1-0: Ball 2-0: Reached on error, E3 (Groundball, 3S, EV 91.2 MPH)
|
|
Batting: RHB Immel Kamuzu
|
0-0: Ball 1-0: Sac Bunt to 13 - play at first, batter OUT! 1-3 Yeong-hun Joe to second
|
|
Batting: RHB Austin Akers
|
0-0: Ball 1-0: Foul Ball, location: 2F 1-1: Ball 2-1: Called Strike 2-2: Strikes out swinging
|
|
Batting: LHB Adam Eisen
|
0-0: Fly out, F7 (Flyball, 7LD, EV 103.8 MPH)
|
| Bottom of the 8th over - 0 runs, 0 hits, 1 error, 1 left on base; Reading 3 - Springfield 5 |
| TOP OF THE 9TH |
|
Reading Fightin Phils batting - Pitching for Springfield Cardinals : RHP Andy Temples
|
|
Pitching: RHP El-Shamy Saami
|
|
|
Batting: RHB Cory Bonham
|
0-0: Ball 1-0: Ball 2-0: Ground out 3-1 (Groundball, 34S, EV 86.2 MPH)
|
|
Pinch Hitting: LHB Danny Zuniga
|
0-0: Swinging Strike 0-1: Ball 1-1: Ground out U3 (Groundball, 34, EV 83.1 MPH)
|
|
Batting: RHB Steve Jones
|
0-0: Called Strike 0-1: Ball 1-1: Ball 2-1: Swinging Strike 2-2: Ball 3-2: SINGLE (Line Drive, 34, EV 101.2 MPH)
|
|
Batting: RHB Chris Myers
|
0-0: Ground out 6-3 (Groundball, 6S, EV 73.8 MPH)
|
| Top of the 9th over - 0 runs, 1 hit, 0 errors, 1 left on base; Reading 3 - Springfield 5 |
|